 Dungeon Crawl Stone Soup version 0.23.0 (webtiles) character file.

Game seed: 12907842335635844537

14591 Infinimo the Carver (level 11, -2/89 HPs)
             Began as a Demonspawn Berserker on Feb 15, 2019.
             Was a High Priest of Trog.
             Slain by a manticore (6 damage)
             ... on level 12 of the Dungeon.
             The game lasted 00:14:57 (12786 turns).

Infinimo the Carver (Demonspawn Berserker)         Turns: 12786, Time: 00:14:58

Health: -2/89      AC:  9    Str: 20    XL:     11   Next: 90%
Magic:  3/3        EV: 11    Int:  9    God:    Trog [*****.]
Gold:   571        SH:  9    Dex:  9    Spells: 10/10 levels left

rFire    + + .     SeeInvis +   G - +3 double sword (antimagic)
rCold    . . .     Gourm    .   D - +0 shield
rNeg     . . .     Faith    .   a - +1 chain mail
rPois    .         Spirit   .   K - +0 hat of the Armoured One {rElec rF++ Dex-4 SInv} (curse)
rElec    +         Reflect  .   (no cloak)
rCorr    .         Harm     .   (no gloves)
MR       .....                  C - +0 pair of boots
Stlth    ..........             (no amulet)
HPRegen  0.24/turn              o - ring of see invisible
MPRegen  0.08/turn              (no ring)

@: corroded, berserk cooldown, slowed, very slow
A: hooves 1, powered by death 1, rot immunity, sturdy frame 3
a: Berserk, Trog's Hand, Brothers in Arms, Renounce Religion


You were on level 12 of the Dungeon.
You worshipped Trog.
Trog was extremely pleased with you.
You were very hungry.

You visited 1 branch of the dungeon, and saw 12 of its levels.

You collected 628 gold pieces.
You spent 57 gold pieces at shops.

Inventory:

Hand Weapons
 G - a +3 antimagic double sword (weapon)
Armour
 a - a +1 chain mail (worn)
 C - a +0 pair of boots (worn)
 D - a +0 shield (worn)
 K - the cursed +0 hat of the Armoured One (worn) {rElec rF++ Dex-4 SInv}
   (You found it on level 11 of the Dungeon)

   It affects your dexterity (-4).
   It greatly protects you from fire.
   It insulates you from electricity.
   It lets you see invisible.
   It has a curse placed upon it.
Jewellery
 o - a ring of see invisible (left hand)
 I - a cursed -2 ring of intelligence {unknown}
 J - an uncursed amulet of regeneration {unknown}
Wands
 p - a wand of digging (7)
 v - a wand of acid (17)
 w - a wand of disintegration (29)
Scrolls
 n - 3 scrolls of magic mapping
 q - 4 scrolls of remove curse
 s - 3 scrolls of teleportation
 u - a scroll of blinking
 y - 2 scrolls of fear
 A - a scroll of enchant armour
 F - 2 scrolls of vulnerability
Potions
 b - a potion of invisibility
 d - 4 potions of magic
 e - 2 potions of berserk rage
 f - a potion of brilliance
 g - 3 potions of heal wounds
 h - 2 potions of flight
 i - 5 potions of curing
 j - 4 potions of degeneration
 k - 2 potions of agility
 l - 3 potions of haste
 m - 5 potions of lignification
 r - a potion of cancellation
 x - 2 potions of mutation {unknown}
 z - a potion of might {unknown}
 H - a potion of resistance
Comestibles
 c - 17 rations


   Skills:
 + Level 9.0 Fighting
 * Level 11.2 Long Blades
 + Level 8.0 Armour
 + Level 8.0 Dodging
 + Level 4.2 Shields


You had 10 spell levels left.
You didn't know any spells.
Your spell library was empty.

Dungeon Overview and Level Annotations

Branches:
Dungeon (12/15)            Temple (0/1) D:5            Lair (0/6) D:10
    Orc (0/2) D:9

Altars:
Cheibriados
Gozag
Hepliaklqana
Kikubaaqudgha
Okawaru
Ru
Trog
Xom
Zin
The Shining One

Shops:
D:4 *   D:9 [


Innate Abilities, Weirdness & Mutations

You have large cloven feet.
You regenerate a little health from kills.
You are immune to rotting.
Your movements are significantly less encumbered by armour. (ER -6)


Message History

The manticore flicks its tail.
The volley of spikes hits you.
The barbed spikes become lodged in your body.
The barbs in your skin will harm you if you move.
Continue?
The barbed spikes dig painfully into your body as you move.
You feel your anger nearly subside.
You are no longer berserk.
You are exhausted.
You feel yourself slow down.
You start resting.
You carefully extract the barbed spikes from your body.
The manticore bites you!
* * * LOW HITPOINT WARNING * * *
The manticore claws you.
* * * LOW HITPOINT WARNING * * *
The manticore claws you.
* * * LOW HITPOINT WARNING * * *
The manticore bites you!
* * * LOW HITPOINT WARNING * * *
The manticore claws you.
You die...

#.#####....##.#
#....................
#######..######.#...#
#.......####.#....
####...........H.
#....####.#..# ..
#.##.# #.#..###....
...##.# #.#.........
######.####@#..###..#.
#......H.........
#############..## #


You could see a manticore.

Vanquished Creatures
  A two-headed ogre (D:9)
  Pikel (D:4)
  The ghost of Esekla the Slicer, a novice DESk of Vehumet (D:8)
  2 ugly things
  A cyclops (D:11)
  3 centaur zombies
  Joseph (D:9)
  A spiny frog (D:11)
  A gargoyle (D:11)
  A kobold demonologist (D:8)
  A troll (D:10)
  2 hornets
  A meliai zombie (D:10)
  6 hippogriffs
  2 wyverns
  2 wraiths
  9 yaks
  3 vampire mosquitoes (D:11)
  A two-headed ogre zombie (D:11)
  Edmund (D:4)
  A tengu zombie (D:11)
  A soldier ant (D:8)
  An acid dragon (D:12)
  A water moccasin (D:11)
  5 ice beasts
  2 orc warriors (D:8)
  4 sky beasts
  A slave (D:4)
  An eye of draining (D:11)
  An orc zombie (D:11)
  4 ogres
  A phantom (D:5)
  5 centaurs
  A crocodile (D:11)
  11 big kobolds
  5 bullfrogs
  A gnoll sergeant (D:8)
  A scorpion (D:4)
  2 howler monkeys
  4 electric eels (D:8)
  2 bullfrog zombies
  4 crimson imps
  6 hounds
  2 jellies
  A quasit (D:10)
  A bullfrog skeleton (D:7)
  4 orc priests
  2 gnoll shamans
  An iguana (D:11)
  A centaur skeleton (D:6)
  6 orc wizards
  8 worker ants
  A worker ant zombie (D:11)
  17 gnolls
  12 adders
  3 shadow imps
  2 oozes
  2 adder zombies
  An adder skeleton (D:7)
  3 worms
  2 dart slugs (D:1)
  8 leopard geckos
  25 orcs
  2 ball pythons
  2 giant cockroaches
  10 goblins
  8 hobgoblins
  2 jackals (D:11)
  11 kobolds
  3 quokkas
  12 bats
  6 frilled lizards
  A leopard gecko zombie (D:5)
  A quokka skeleton (D:7)
  8 rats
274 creatures vanquished.

Vanquished Creatures (others)
  A wizard (D:9)
  An ogre (D:4)
  A hound (D:4)
  A centaur skeleton (D:4)
  Ijyb (D:4)
  2 orcs (D:4)
  A ball python (D:4)
  3 jackals (D:4)
  A frilled lizard (D:4)
  14 plants (D:8)
26 creatures vanquished.

Grand Total: 300 creatures vanquished

Notes
Turn   | Place    | Note
-------+----------+-------------------------------------------
     0 | D:1      | Infinimo the Demonspawn Berserker began the quest for the
                  | Orb.
     0 | D:1      | Reached XP level 1. HP: 18/18 MP: 1/1
   250 | D:1      | Gained mutation: You regenerate a little health from kills.
                  | [demonic ancestry]
   250 | D:1      | Reached XP level 2. HP: 20/24 MP: 2/2
   253 | D:1      | Reached skill level 3 in Long Blades
   807 | D:1      | Gained mutation: Your movements are slightly less
                  | encumbered by armour. (ER -2) [demonic ancestry]
   807 | D:1      | Reached XP level 3. HP: 27/29 MP: 3/3
  1535 | D:2      | Reached ** piety under Trog
  1779 | D:2      | Reached XP level 4. HP: 35/35 MP: 4/4
  2042 | D:2      | Found a bloodstained altar of Trog.
  2205 | D:2      | Found an opulent altar of Gozag.
  2219 | D:2      | Found a glowing silver altar of Zin.
  2219 | D:2      | Found a snail-covered altar of Cheibriados.
  2221 | D:2      | Found a glowing golden altar of the Shining One.
  2221 | D:2      | Found a shimmering altar of Xom.
  2221 | D:2      | Found an ancient bone altar of Kikubaaqudgha.
  2491 | D:3      | Reached XP level 5. HP: 42/42 MP: 5/5
  2494 | D:3      | Reached *** piety under Trog
  2494 | D:3      | Reached skill level 4 in Long Blades
  2539 | D:3      | Found an iron altar of Okawaru.
  3200 | D:3      | Found a glowing golden altar of the Shining One.
  3535 | D:4      | Gained mutation: You have large cloven feet. [demonic
                  | ancestry]
  3535 | D:4      | Reached XP level 6. HP: 45/48 MP: 6/6
  3557 | D:4      | Noticed a slave
  3559 | D:4      | Noticed Pikel
  3563 | D:4      | Killed a slave
  3568 | D:4      | Noticed a slave
  3570 | D:4      | Noticed a slave
  3571 | D:4      | Noticed a slave
  3588 | D:4      | Killed Pikel
  3588 | D:4      | Reached skill level 5 in Long Blades
  3588 | D:4      | Reached XP level 7. HP: 9/55 MP: 7/7
  3657 | D:4      | Killed Ijyb
  3850 | D:4      | Noticed Edmund
  3869 | D:4      | Killed Edmund
  3975 | D:4      | Reached skill level 5 in Fighting
  4017 | D:4      | Found Heiraol's Assorted Antiques.
  4031 | D:4      | Bought a scroll labeled YTWUOPLITEO for 30 gold pieces
  4031 | D:4      | Bought a dark potion for 27 gold pieces
  4309 | D:4      | Found an opulent altar of Gozag.
  4334 | D:5      | Entered Level 5 of the Dungeon
  4351 | D:5      | Reached skill level 6 in Long Blades
  4351 | D:5      | Gained mutation: Your movements are less encumbered by
                  | armour. (ER -4) [demonic ancestry]
  4351 | D:5      | Reached XP level 8. HP: 59/62 MP: 8/8
  4409 | D:5      | Reached **** piety under Trog
  4525 | D:5      | Found an ancient bone altar of Kikubaaqudgha.
  4755 | D:5      | Found a staircase to the Ecumenical Temple.
  5011 | D:6      | Reached skill level 7 in Long Blades
  6241 | D:7      | Reached skill level 5 in Armour
  6241 | D:7      | Reached skill level 5 in Dodging
  6539 | D:7      | Gained mutation: Your movements are significantly less
                  | encumbered by armour. (ER -6) [demonic ancestry]
  6539 | D:7      | Reached XP level 9. HP: 69/69 MP: 9/9
  6981 | D:7      | Found a glowing silver altar of Zin.
  6981 | D:7      | Noticed an angel
  7200 | D:8      | Reached skill level 8 in Long Blades
  7213 | D:8      | Found a hazy altar of Hepliaklqana.
  7291 | D:8      | Found a sacrificial altar of Ru.
  7407 | D:8      | Found a runed translucent gate.
  7407 | D:8      | Found a runed translucent gate.
  7407 | D:8      | Found a runed translucent gate.
  7407 | D:8      | Identified the cursed +1 whip of Lesiacka {pain, Dex+3}
  7407 | D:8      | Noticed Esekla's ghost (novice DESk)
  7408 | D:8      | Noticed a kobold demonologist
  7736 | D:8      | Reached ***** piety under Trog
  8576 | D:8      | Noticed an ice devil
  8587 | D:8      | Reached XP level 10. HP: 79/79 MP: 10/10
  8593 | D:8      | Reached skill level 9 in Long Blades
  8604 | D:8      | Killed Esekla's ghost
  9118 | D:9      | Noticed a red ugly thing
  9131 | D:9      | Killed a red ugly thing
  9150 | D:9      | Reached skill level 1 in Shields
  9247 | D:9      | Noticed Joseph
  9269 | D:9      | Killed Joseph
  9365 | D:9      | Reached skill level 10 in Long Blades
  9379 | D:9      | Found a staircase to the Orcish Mines.
  9423 | D:9      | Found a snail-covered altar of Cheibriados.
  9628 | D:9      | Noticed a two-headed ogre
  9644 | D:9      | Killed a two-headed ogre
  9644 | D:9      | Gained mutation: You are immune to rotting. [demonic
                  | ancestry]
  9644 | D:9      | Reached XP level 11. HP: 86/86 MP: 11/11
  9711 | D:9      | Found an iron altar of Okawaru.
  9817 | D:9      | Found Athiob's Antique Armour Emporium.
  9948 | D:9      | Found a bloodstained altar of Trog.
  9951 | D:9      | Noticed a wizard
  9956 | D:9      | Killed a wizard
  9983 | D:9      | Received a gift from Trog
 10118 | D:10     | Entered Level 10 of the Dungeon
 10444 | D:10     | Found a staircase to the Lair.
 10724 | D:11     | Paralysed by a hornet for 2 turns
 11022 | D:11     | Found a transporter.
 11048 | D:11     | Noticed a purple ugly thing
 11055 | D:11     | Killed a purple ugly thing
 11585 | D:11     | Reached skill level 11 in Long Blades
 11684 | D:11     | Found a transporter.
 12574 | D:11     | Got an ichor-stained hat
 12589 | D:11     | Identified the cursed +0 hat of the Armoured One {rElec
                  | rF++ Dex-4 SInv} (You found it on level 11 of the Dungeon)
 12786 | D:12     | HP: 4/89 [manticore (14)]
 12786 | D:12     | Slain by a manticore

Skill      XL: |  1  2  3  4  5  6  7  8  9 10 11 |
---------------+----------------------------------+-----
Armour         | 2 3 4 5 6 7 8 |  8.0
Long Blades    | 3 4 5 6 7 8 10 11 | 11.2
Dodging        | 2 3 4 5 6 7 8 |  8.0
Fighting       | 4 5 6 7 8 9 |  9.0
Shields        | 2 4 |  4.2

Action                   |  1- 3 |  4- 6 |  7- 9 | 10-12 || total
-------------------------+-------+-------+-------+-------++-------
Melee: Falchion          |   100 |   145 |   235 |       ||   480
       Kick              |       |     2 |   132 |    27 ||   161
       Scimitar          |       |       |    90 |   194 ||   284
       Double sword      |       |       |       |   248 ||   248
Invok: Berserk           |       |     2 |     9 |     9 ||    20
  Use: Scroll            |     4 |     2 |    10 |    10 ||    26
       Potion            |       |       |       |     1 ||     1
 Stab: Sleeping          |     3 |     2 |       |       ||     5
  Eat: Chunk             |     3 |     8 |    16 |     7 ||    34
       Ration            |       |       |     4 |     4 ||     8
Armor: Animal skin       |    18 |    18 |       |       ||    36
       Chain mail        |       |     7 |   103 |   201 ||   311
Dodge: Dodged            |    76 |    85 |   176 |   219 ||   556
Block: Shield            |       |       |       |   209 ||   209
       Rpst.: Falchion   |    23 |    32 |    41 |       ||    96
       Scimitar          |       |       |    17 |    26 ||    43
       Double sword      |       |       |       |    28 ||    28
